 Dungeon Crawl Stone Soup version 0.29-a0-393-g47a863cc1b (webtiles) character file.

Game seed: 16675836929816819857

348 bande the Covered (level 6, -1/38 HPs)
             Began as a Gargoyle Fighter on May 10, 2022.
             Slain by a gnoll
             ... wielding a +0 halberd
              (9 damage)
             ... on level 4 of the Dungeon.
             The game lasted 00:08:44 (4309 turns).

bande the Covered (Gargoyle Fighter)                Turns: 4309, Time: 00:08:44

Health: -1/38      AC: 18    Str: 28    XL:     6   Next: 60%
Magic:  6/6        EV:  8    Int:  8    God:
Gold:   188        SH:  5    Dex: 13    Spells: 5/5 levels left

rFire   . . .      SeeInvis .   a - +1 war axe
rCold   . . .      Faith    .   c - +0 buckler
rNeg    + . .      Spirit   .   y - +0 chain mail
rPois   ∞          Reflect  .   w - +2 hat {Stlth+}
rElec   +          Harm     .   (no cloak)
rCorr   .          Rampage  .   (no gloves)
Will    +....                   (no boots)
Stlth   ..........              (no amulet)
HPRegen 0.12/turn               i - +6 ring of strength
MPRegen 0.10/turn               (no ring)

@: no status effects
A: sickness immunity, AC +4, negative energy resistance 1, electricity
resistance, torment resistance 1, petrification resistance, iridescent scales 1,
agile 1, high MP 1, strong-willed 1, strong 1
a: no special abilities


You were on level 4 of the Dungeon.
You visited 2 branches of the dungeon, and saw 5 of its levels.

You collected 188 gold pieces.

Inventory:

Hand Weapons
 a - a +1 war axe (weapon)
 q - a +0 morningstar
Missiles
 v - 2 throwing nets (quivered)
Armour
 c - a +0 buckler (worn)
 p - a +0 ring mail of cold resistance
 w - a +2 hat of stealth (worn)
 x - a +0 helmet
 y - a +0 chain mail (worn)
Jewellery
 b - an amulet of regeneration
 i - a +6 ring of strength (left hand)
Wands
 r - a wand of paralysis (10)
 t - a wand of iceblast (7)
Scrolls
 e - 2 scrolls of blinking
 h - a scroll of poison
 j - 2 scrolls of enchant weapon
Potions
 d - 2 potions of might
 f - a potion of heal wounds
 g - 3 potions of haste
 k - a potion of resistance
 l - a potion of degeneration {unknown}
 m - a potion of brilliance {unknown}
 s - a potion of lignification {unknown}


   Skills:
 + Level 4.0 Fighting
 + Level 4.1 Axes
 + Level 4.6 Armour
 - Level 0.3 Stealth
 + Level 3.9 Shields
 * Level 2.0 Evocations


You had 5 spell levels left.
You didn't know any spells.
Your spell library was empty.

Dungeon Overview and Level Annotations

Branches:
Dungeon (4/15)             Temple (1/1) D:4

Altars:
Ashenzari
Cheibriados
Elyvilon
Fedhas
Kikubaaqudgha
Makhleb
Nemelex Xobeh
Wu Jian
Xom


Innate Abilities, Weirdness & Mutations

You are immune to sickness and miasma.
Your stone body is resilient. (AC +4)
You are immune to poison.
You resist negative energy. (rN+)
You are resistant to electric shocks. (rElec)
You are resistant to unholy torment.
You are immune to petrification.
You are partially covered in iridescent scales. (AC +2)
You are agile. (Dex +2)
You have an increased reservoir of magic. (+10% MP)
You are strong-willed. (Will+)
Your muscles are strong. (Str +2)


Message History

You barely miss the black bear. The black bear barely misses you.
The black bear claws you. The black bear barely misses you.
You slash the black bear!
The black bear is heavily wounded.
The black bear bites you.
The black bear claws you but does no damage. x2
You slash the black bear!
You kill the black bear!
Your Fighting skill increases to level 4!
Your Axes skill increases to level 4!
Your Evocations skill increases to level 2! 2 gnolls come into view.
The gnoll shouts!
You hear a shout!
The gnoll moves out of view. x2
A gnoll comes into view. It is wielding a +0 halberd.
You block the gnoll's attack.
A gnoll comes into view. It is wielding a +0 spear.
You block the gnoll's attack. x2
The gnoll hits you with a +0 halberd!
The gnoll hits you from afar with a +0 halberd.
The gnoll hits you but does no damage.
Found a stone staircase leading up.
The gnoll hits you but does no damage. The gnoll hits you with a +0 halberd!
The gnoll hits you but does no damage. The gnoll barely misses you.
You barely miss the gnoll. x2; You closely miss the gnoll.
The gnoll hits you but does no damage. x3; The gnoll hits you with a +0 spear.
* * * LOW HITPOINT WARNING * * *
The gnoll hits you with a +0 halberd.
* * * LOW HITPOINT WARNING * * *
The gnoll barely misses you.
The gnoll hits you but does no damage. x2
You slash the gnoll!
The gnoll is severely wounded.
You closely miss the gnoll. You hit the gnoll. The gnoll closely misses you.
The gnoll hits you but does no damage. The gnoll barely misses you.
The gnoll hits you but does no damage.
You feel a genetic drift.
Iridescent scales grow over part of your body.
You no longer feel a hidden potential within.
The gnoll attacks as you move away! The gnoll hits you but does no damage.
The gnoll hits you with a +0 halberd!
You die...

#.......#...#####...###...##.
#...................^........
#......###########..>...#....
#......# ####..#.....###.
######## #....## #.#.. #.
##.#### ....## #..# ##...
###.############...
#.@...............#
##.g########...##...
...<.ggg### #..# ##...
..........#####..# ##..
#########..##...# #..
#......########..
#....<..)....##..
#..........#.##..
#..........#...##


You could see 4 gnolls.

Vanquished Creatures
  A black bear (D:4)
  2 scorpions (D:4)
  Ijyb (D:2)
  7 adders
  A worm (D:2)
  An orc (D:4)
  3 endoplasms
  A giant cockroach (D:4)
  4 hobgoblins
  6 quokkas
  5 ball pythons
  4 bats
  A frilled lizard (D:2)
  9 goblins
  4 kobolds
  2 rats (D:2)
52 creatures vanquished.

Notes
Turn   | Place    | Note
-------+----------+-------------------------------------------
     0 | D:1      | bande the Gargoyle Fighter began the quest for the Orb.
     0 | D:1      | Reached XP level 1. HP: 14/14 MP: 1/1
  1198 | D:1      | Reached XP level 2. HP: 10/19 MP: 2/2
  1809 | D:2      | Reached XP level 3. HP: 23/23 MP: 3/3
  1817 | D:2      | Noticed Ijyb
  1840 | D:2      | Killed Ijyb
  1844 | D:2      | Reached XP level 4. HP: 18/28 MP: 4/4
  2241 | D:2      | Found a faded altar of an unknown god.
  3725 | D:4      | Reached skill level 1 in Evocations
  3725 | D:4      | Gained mutation: Your body sometimes deteriorates upon
                  | taking damage. [potion of mutation]
  3725 | D:4      | Gained mutation: You have a somewhat thin skeletal
                  | structure. (Dex +2, Stealth+) [potion of mutation]
  3725 | D:4      | Gained mutation: Your flesh is heat resistant. (rF+)
                  | [potion of mutation]
  3726 | D:4      | Lost mutation: Your flesh is heat resistant. (rF+) [potion
                  | of mutation]
  3726 | D:4      | Lost mutation: Your body sometimes deteriorates upon taking
                  | damage. [potion of mutation]
  3726 | D:4      | Lost mutation: You have a somewhat thin skeletal structure.
                  | (Dex +2, Stealth+) [potion of mutation]
  3726 | D:4      | Gained mutation: You have an increased reservoir of magic.
                  | (+10% MP) [potion of mutation]
  3726 | D:4      | Gained mutation: You have hidden genetic potential. [potion
                  | of mutation]
  3726 | D:4      | Gained mutation: You are strong-willed. (Will+) [potion of
                  | mutation]
  3726 | D:4      | Gained mutation: Your muscles are strong. (Str +2) [potion
                  | of mutation]
  3829 | D:4      | Reached XP level 5. HP: 30/33 MP: 5/5
  3879 | D:4      | Found a staircase to the Ecumenical Temple.
  3888 | D:4      | Gained mutation: You are agile. (Dex +2) [hidden potential]
  3898 | Temple   | Entered the Ecumenical Temple
  4164 | D:4      | Reached XP level 6. HP: 36/38 MP: 6/6
  4291 | D:4      | Noticed a black bear
  4300 | D:4      | Killed a black bear
  4308 | D:4      | Gained mutation: You are partially covered in iridescent
                  | scales. (AC +2) [hidden potential]
  4308 | D:4      | Lost mutation: You have hidden genetic potential. [hidden
                  | potential expressed]
  4309 | D:4      | Slain by a gnoll

Illustrated notes

Levels and vault maps discovered:
D:1:      tarquinn_simple_flora_water_e, layout_basic, serial_forest,
          infiniplex_forest_lined_ring, infiniplex_forest_clump_medium,
          infiniplex_forest_zigzag_2, infiniplex_forest_clump_small,
          infiniplex_forest_lined_3, infiniplex_forest_lined_3_way,
          item_on_display_a
D:2:      kennysheep_the_goblin_king, layout_loops_ring,
          dreamdust_ecumenical_altar_angels_and_demons
D:3:      layout_loops_corners, grunt_decor_resistance
D:4:      layout_rooms, mainiacjoe_overflow_alcove_2,
          mainiacjoe_overflow_alcove_3, minmay_temple_entry_junction,
          roderic_filled_cross
Temple:   chequers_temple_sunken

Skill      XL: |  1  2  3  4  5  6 |
---------------+-------------------+-----
Axes           | 2 3 4 |  4.1
Armour         | 4 |  4.6
Evocations     | 1 2 |  2.0
Fighting       | 4 |  4.0
Stealth        | |  0.3
Shields        | |  3.9

Action                   |  1- 3 |  4- 6 || total
-------------------------+-------+-------++-------
Melee: War axe           |    77 |   112 ||   189
  Use: Scroll            |       |    14 ||    14
       Potion            |       |     2 ||     2
Armor: Scale mail        |    41 |    32 ||    73
       Chain mail        |       |    58 ||    58
Dodge: Dodged            |    43 |    49 ||    92
Block: Buckler           |    16 |    34 ||    50

Table legend: (Time is in decaauts)
 A = Elapsed time spent in this place.
 B = Non-inter-level travel time spent in this place.
 C = Inter-level travel time spent in this place.
 D = Time resting spent in this place.
 E = Time spent auto-exploring this place.
 F = Levels seen in this place.
 G = Mean time per level.
                   A        B        C        D        E       F      G
               +--------+--------+--------+--------+--------+-----+--------+
         Total |   4448 |   4371 |     77 |    759 |   2810 |   5 |  889.6 |
       Dungeon |   4139 |   4062 |     77 |    759 |   2549 |   4 | 1034.8 |
        Temple |    308 |    308 |      0 |      0 |    261 |   1 |  308.0 |
               +--------+--------+--------+--------+--------+-----+--------+

Top non-repeatable levels by time:
     D:1: 1723 daAuts
     D:2: 1178 daAuts
     D:3: 841 daAuts
     D:4: 396 daAuts
  Temple: 308 daAuts
